 Dungeon Crawl Stone Soup version 0.31.0-11-ge490571c62 (webtiles) character file.

Game seed: 14934993060351779637

68 qw the Shooter (level 4, -3/25 HPs)
             Began as a Deep Elf Hunter on Feb 4, 2024.
             Killed by divine providence
             ... invoked by an orc priest
              (11 damage)
             ... on level 3 of the Dungeon.
             The game lasted 00:00:06 (1446 turns).

qw the Shooter (Deep Elf Hunter)                    Turns: 1446, Time: 00:00:06

Health: -3/25      AC:  5    Str: 10    XL:     4   Next: 1%
Magic:  6/6        EV: 11    Int: 14    God:
Gold:   45         SH:  0    Dex: 18    Spells: 3/3 levels left

rFire   . . .        a - +0 shortbow
rCold   . . .        (shield currently unavailable)
rNeg    . . .        d - +0 ring mail
rPois   .            (no helmet)
rElec   .            (no cloak)
rCorr   .            (no gloves)
SInv    .            (no boots)
Will    .....        (no amulet)
Stlth   +            (no ring)
HPRegen 0.24/turn    (no ring)
MPRegen 0.10/turn

%: no passive effects
@: no status effects
A: no striking features
a: no special abilities


You were on level 3 of the Dungeon.
You visited 1 branch of the dungeon, and saw 3 of its levels.

You collected 45 gold pieces.


   Skills:
 - Level 1.5 Fighting
 + Level 7.4 Ranged Weapons
 - Level 2.4 Dodging
 - Level 1.2 Stealth


You had 3 spell levels left.
You didn't know any spells.
Your spell library was empty.

Inventory:

Hand Weapons
 a - a +0 shortbow (weapon)
Armour
 d - a +0 ring mail (worn)
 f - a +0 pair of boots
Jewellery
 b - a ring of fire
Scrolls
 i - a scroll of enchant armour {unknown}
 k - a scroll of identify
Potions
 c - a potion of heal wounds
 e - a potion of haste
 g - a potion of curing
 h - a potion of lignification {unknown}
 j - a potion of mutation {unknown}

Dungeon Overview and Level Annotations

Branches:
Dungeon (3/15)

Altars:
Qazlal


Message History

You hear a loud squeak.
A rat comes into view.
A hobgoblin comes into view.
The hobgoblin shouts!
You shoot an arrow. The arrow barely misses the rat.
You hear a shout!
The rat closely misses you.
You shoot an arrow. The arrow hits the rat!
You kill the rat!
You shoot an arrow. The arrow hits the frilled lizard.
The frilled lizard is heavily wounded.
You shoot an arrow. The arrow hits the frilled lizard.
You kill the frilled lizard!
An orc comes into view. It is wielding a +0 flail.
You shoot an arrow. The orc shouts!
The arrow hits the hobgoblin.
You kill the hobgoblin!
You shoot an arrow. The arrow closely misses the orc.
An orc comes into view.
It is wielding a +0 whip and wearing a +2 leather armour of fire resistance.
The orc shouts!
An orc priest comes into view. It is wielding a +0 club.
You shoot an arrow. The arrow barely misses the orc.
The orc priest shouts!
You shoot an arrow.
The arrow hits the orc but does no damage.
You shoot an arrow. The arrow hits the orc!
You kill the orc!
The orc priest calls down the wrath of Beogh upon you.
Beogh smites you!
Ouch! That really hurt!
You have reached level 4!
You feel clever.
1442 ||| FLEEEEING.
1443 ||| FLEEEEING.
1444 ||| FLEEEEING.
The orc priest begins to cast a cantrip, but forgets the words!
1445 ||| FLEEEEING.
1446 ||| FLEEEEING.
The orc priest invokes the aid of Beogh against you.
Beogh smites you!
You die...

###.......#.............
..........#.....o.......
..#.......#....)........
...#.....### #..##....
...#.....########.%......
...#.....#...b.P#o##.....
...#.....########.##...##
...#.....########...# #..
...#.......##...@...# .
...#.......##.......##
.....................#
...#...#......#......#
####...#......########
#..........# .b#
#...##.....# ###
#...###....###
####...####...#P#


You could see an orc priest and an orc.

Vanquished Creatures
  2 adders (D:2)
  3 dart slugs
  An orc (D:3)
  3 bats
  3 endoplasms (D:1)
  7 goblins
  3 hobgoblins
  4 kobolds
  A quokka (D:1)
  4 ball pythons
  6 frilled lizards
  5 rats
42 creatures vanquished.

Notes
Turn   | Place    | Note
-------+----------+-------------------------------------------
     0 | D:1      | qw the Deep Elf Hunter began the quest for the Orb.
     0 | D:1      | Reached XP level 1. HP: 12/12 MP: 3/3
     0 | D:1      | 0 ||| qw: Version: 0.3-a-160-g6735b56
     0 | D:1      | 0 ||| qw: Game counter: 5083
     0 | D:1      | 0 ||| qw: Melee chars always use a shield: true
     0 | D:1      | 0 ||| qw: God list: Okawaru
     0 | D:1      | 0 ||| qw: Allow faded altars: false
     0 | D:1      | 0 ||| qw: Do Orc after clearing Dungeon:15 true
     0 | D:1      | 0 ||| qw: Do second Lair branch before Depths: true
     0 | D:1      | 0 ||| qw: Lair rune preference: random
     0 | D:1      | 0 ||| qw: Goals: Normal
     0 | D:1      | 0 ||| PLANNING D:1-11
   191 | D:1      | Reached XP level 2. HP: 10/16 MP: 4/4
   193 | D:1      | Reached skill level 6 in Ranged Weapons
   703 | D:1      | 703 ||| UPGRADING to +0 ring mail.
   713 | D:1      | 713 ||| DROPPING +0 leather armour.
   714 | D:1      | 714 ||| READING scroll labelled BYSAENGEAMP.
   815 | D:1      | 815 ||| READING scroll labelled ROUPSATW ZESSA.
   818 | D:1      | 818 ||| DRINKING 2 orange potions.
   819 | D:1      | 819 ||| DRINKING 2 black potions.
   820 | D:1      | 820 ||| DROPPING scroll of butterflies.
   898 | D:2      | Reached XP level 3. HP: 20/20 MP: 5/5
   947 | D:2      | Found a faded altar of an unknown god.
  1029 | D:2      | Reached skill level 7 in Ranged Weapons
  1242 | D:2      | 1242 ||| READING scroll labelled SASEOTHR EROEP.
  1242 | D:2      | 1242 ||| IDENTIFYING purple potion
  1243 | D:2      | 1243 ||| READING scroll labelled FUCKIU BYLAU.
  1244 | D:2      | 1244 ||| READING scroll labelled QIENOTAOSI.
  1245 | D:2      | 1245 ||| READING scroll labelled BUTHENT CYORGH.
  1392 | D:3      | Found a stormy altar of Qazlal.
  1441 | D:3      | HP: 5/20 [orc priest/divine providence (15)]
  1442 | D:3      | Reached XP level 4. HP: 7/25 MP: 6/6
  1442 | D:3      | 1442 ||| FLEEEEING.
  1443 | D:3      | 1443 ||| FLEEEEING.
  1444 | D:3      | 1444 ||| FLEEEEING.
  1445 | D:3      | 1445 ||| FLEEEEING.
  1446 | D:3      | 1446 ||| FLEEEEING.
  1446 | D:3      | Killed from afar by an orc priest

Levels and vault maps discovered:
D:1:      sevenhm_arrival_forest_fort_large_3, layout_loops_ring, st_stairs_2
D:2:      layout_basic, shapermc_ecumenical_altar_pompeii
D:3:      layout_basic, mainiacjoe_overflow_alcove_1, serial_aquarium,
          aquarium_bridge_straight [aquarium_subvault_bridge,
          aquarium_subvault_wall, aquarium_subvault_bridge,
          aquarium_subvault_window], aquarium_bridge_long_joined
          [aquarium_subvault_window, aquarium_subvault_window,
          aquarium_subvault_wall, aquarium_subvault_window,
          aquarium_subvault_bridge, aquarium_subvault_bridge],
          aquarium_window_fake, aquarium_window_fake, aquarium_view_2a,
          aquarium_view_2f, aquarium_pool_side, minivault_23, kennysheep_donut,
          uniq_terence

Skill      XL: |  1  2  3 |
---------------+----------+-----
Ranged Weapons | 6 7 |  7.4
Fighting       | |  1.5
Dodging        | |  2.4
Stealth        | |  1.2

Action                     |  1- 3 |  4- 6 || total
---------------------------+-------+-------++-------
   Fire: Shortbow          |   121 |       ||   121
    Use: Scroll            |     6 |       ||     6
         Potion            |     2 |       ||     2
 Armour: Leather armour    |     6 |       ||     6
         Ring mail         |     6 |       ||     6
  Dodge: Dodged            |    15 |       ||    15

Table legend:
 A = Non-vault XP
 B = Vault XP
 C = Vault XP percentage of total XP
 D = Non-vault monster count
 E = Vault monster count
 F = Vault count percentage of total count
                 A         B        C        D         E       F
            +---------+---------+-------+---------+---------+-------
      Total |      95 |       3 |   3.1 |      40 |       2 |   4.8
            +---------+---------+-------+---------+---------+-------
        D:1 |      32 |       3 |   8.6 |      19 |       2 |   9.5
        D:2 |      52 |       0 |   0.0 |      15 |       0 |   0.0
        D:3 |      11 |       0 |   0.0 |       6 |       0 |   0.0
            +---------+---------+-------+---------+---------+-------
